 Dungeon Crawl Stone Soup version 0.21.1-1-g345015f (webtiles) character file.

30 vatarom the Slasher (level 3, -6/35 HPs)
             Began as a Gnoll Chaos Knight on Apr 7, 2018.
             Mangled by Terence
             ... wielding a +0 trident
              (8 damage)
             ... on level 2 of the Dungeon.
             The game lasted 00:01:53 (1272 turns).

vatarom the Slasher (Gnoll Chaos Knight)            Turns: 1272, Time: 00:01:54

Health: -6/35      AC:  5    Str: 15    XL:     3   Next: 20%
Magic:  3/3        EV: 12    Int: 14    God:    Xom [.*....]
Gold:   127        SH:  0    Dex: 14    Spells: 3/3 levels left

rFire    . . .     SeeInvis .   a - +1 falchion (chaos)
rCold    . . .     Gourm    .   (no shield)
rNeg     . . .     Faith    .   b - +2 leather armour
rPois    .         Spirit   .   (no helmet)
rElec    .         Reflect  .   (no cloak)
rCorr    .         Harm     .   (no gloves)
MR       .....                  (no boots)
Stlth    +.........             (no amulet)
HPRegen  0.11/turn              (no ring)
MPRegen  0.08/turn              (no ring)

@: no status effects
A: distributed training, fangs 1, strong nose
a: Renounce Religion


You were on level 2 of the Dungeon.
You worshipped Xom.
You were a plaything of Xom.
You were not hungry.

You visited 1 branch of the dungeon, and saw 2 of its levels.

You collected 127 gold pieces.

Inventory:

Hand Weapons
 a - a +1 falchion of chaos (weapon)
Missiles
 o - 2 throwing nets (quivered)
Armour
 b - a +2 leather armour (worn)
Scrolls
 e - a scroll of fear {unknown}
 j - 2 scrolls of identify {unknown}
 l - 2 scrolls of blinking {unknown}
Potions
 d - a potion of magic
 f - a potion of degeneration {unknown}
 g - a potion of mutation {unknown}
 h - 3 potions of might {unknown}
 i - a potion of heal wounds {unknown}
 k - a potion of brilliance {unknown}
 n - a potion of curing {unknown}
Comestibles
 c - 3 rations
 m - a chunk of flesh


   Skills:
 + Level 6.5 Fighting
 + Level 0.6 Short Blades
 + Level 6.5 Long Blades
 + Level 0.6 Axes
 + Level 0.6 Maces & Flails
 + Level 0.6 Polearms
 + Level 0.6 Staves
 + Level 0.6 Slings
 + Level 0.6 Bows
 + Level 0.6 Crossbows
 + Level 0.6 Throwing
 + Level 4.5 Armour
 + Level 2.5 Dodging
 + Level 0.6 Stealth
 + Level 0.6 Shields
 + Level 0.6 Unarmed Combat
 + Level 0.6 Spellcasting
 + Level 0.4 Conjurations
 + Level 0.4 Hexes
 + Level 0.4 Charms
 + Level 0.4 Summonings
 + Level 0.4 Necromancy
 + Level 0.4 Translocations
 + Level 0.4 Transmutations
 + Level 0.4 Fire Magic
 + Level 0.4 Ice Magic
 + Level 0.4 Air Magic
 + Level 0.4 Earth Magic
 + Level 0.4 Poison Magic
 + Level 0.8 Invocations
 + Level 0.6 Evocations


You had 3 spell levels left.
You didn't know any spells.

Dungeon Overview and Level Annotations

Branches:
Dungeon (2/15)

Altars:
Elyvilon
Sif Muna
Xom

Annotations:
D:2 Terence


Innate Abilities, Weirdness & Mutations

Your experience applies equally to all skills.
You have very sharp teeth.
Your uncanny sense of smell can sniff out nearby items.


Message History

No target in view!
No target in view!
No target in view!
You closely miss something. You bite something. Something hits you!
You barely miss something. Something hits you but does no damage.
You miss something. You bite something. You miss something. Something hits you!
You barely miss something. You bite something. Something hits you.
You miss something. Something hits you but does no damage.
You hit something but do no damage. Something hits you but does no damage.
You hit something but do no damage. Something hits you!
You hit something. Something hits you but does no damage.
You hit something but do no damage. Something hits you.
* * * LOW HITPOINT WARNING * * *
It was a potion of magic.
Magic courses through your body.
Xom roars with laughter!
Something hits you!
* * * LOW HITPOINT WARNING * * *
Something hits you!
You die...

##'## #.#.###.#
#...## #.#.# #.#
.....## #.#.###.##
......###.#......#
.......##.#..[#..#
.......'.........#
.......##........#
......######.###.#
.....## ### #@#
#...## ###.# #.'#
#...# #.# #.### ._
#.# #.# ..# #..#
...#


There were no monsters in sight!

Vanquished Creatures
  A dart slug (D:2)
  2 giant cockroaches (D:1)
  2 goblins (D:1)
  4 hobgoblins
  10 kobolds
  5 bats
  A frilled lizard (D:2)
  2 rats (D:1)
27 creatures vanquished.

Vanquished Creatures (others)
  A kobold (D:2)
  A rat (D:2)
2 creatures vanquished.

Grand Total: 29 creatures vanquished

Notes
Turn   | Place    | Note
-------+----------+-------------------------------------------
     0 | D:1      | vatarom the Gnoll Chaos Knight began the quest for the Orb.
     0 | D:1      | Reached XP level 1. HP: 23/23 MP: 1/1
    38 | D:1      | Found a shimmering altar of Xom.
   174 | D:1      | XOM: harmless Necr miscast
   186 | D:1      | Reached XP level 2. HP: 29/29 MP: 2/2
   566 | D:1      | XOM: divination: detect creatures
   771 | D:2      | XOM: divination: detect creatures
   883 | D:2      | Reached XP level 3. HP: 33/35 MP: 3/3
  1006 | D:2      | Found a white marble altar of Elyvilon.
  1139 | D:2      | XOM: cloud trail
  1211 | D:2      | Found a deep blue altar of Sif Muna.
  1254 | D:2      | Noticed Terence
  1272 | D:2      | Mangled by Terence

Action                   || total
-------------------------++-------
Melee: Falchion          ||    71
       Bite              ||    11
       Punch             ||     1
  Use: Scroll            ||     1
       Potion            ||     1
 Stab: Sleeping          ||     1
  Eat: Chunk             ||     1
Armor: Leather armour    ||    19
Dodge: Dodged            ||    46
       Rpst.: Falchion   ||     7
